Map: Ley Lines

Players

Fjant

  • Race: Zerg Zerg
  • League: Grandmaster
  • Spawn Location: 1:00

Lambo - Winner!

  • Race: Zerg Zerg
  • Spawn Location: 7:00

Event: HomeStory Cup XXVII

VOD

Have the link to the VOD?

Description

Time

  • Played on: June 27, 2025, 6:56 a.m.
  • Length: 10:45

All games in this series

Show
View Real Time Build Order
Export as new Build Order

Fjant Zerg 

Build Orders: Hatch First, Zergling Baneling 

Get SALT Encoding   

  12  0:00  Drone  
  13  0:08  Drone  
  14  0:15  Drone, Extractor  
  15  0:21  Overlord  
  15  0:40  Drone  
  16  0:46  Hatchery  
  16  0:49  Drone  
  16  0:52  Drone  
  16  0:56  Drone  
  18  1:07  Extractor  
  17  1:11  Spawning Pool  
  17  1:15  Drone  
  17  1:18  Drone  
  18  1:26  Drone  
  19  1:37  Drone  
  20  1:48  Drone  
  21  1:58  Queen x2  
  21  1:59  Zergling x2  
  21  2:00  Overlord  
  26  2:09  Drone  
  26  2:10  Drone  
  26  2:11  Metabolic Boost  
  28  2:19  Drone  
  29  2:23  Drone  
  30  2:32  Hatchery  
  29  2:37  Zergling x2  
  29  2:39  Drone  
  29  2:43  Drone  
  32  2:49  Drone  
  32  2:50  Baneling Nest  
  32  2:52  Drone  
  32  2:53  Drone  
  34  3:02  Drone  
  34  3:04  Drone  
  36  3:07  Overlord  
  36  3:12  Drone, Extractor  
  36  3:13  Drone, Extractor  
  36  3:14  Overlord  
  38  3:27  Zergling x8  
  38  3:34  Baneling x4  
  42  3:35  Zergling x4  
  42  3:39  Zergling x2  
  45  3:43  Zergling x2  
  45  3:45  Zergling x2  
  45  3:48  Zergling x12  
  43  4:04  Zergling x8  
  43  4:06  Zergling x4  
  49  4:13  Drone  
  49  4:14  Roach Warren  
  49  4:18  Drone x2, Baneling  
  49  4:19  Baneling x3  
  47  4:33  Drone  
  47  4:34  Drone  
  43  4:41  Zergling x8  
  45  4:54  Zergling x16  
  45  4:57  Zergling x2  
  52  5:02  Roach x2  
  54  5:08  Roach  
  54  5:12  Roach  
  57  5:15  Zergling x2  
  57  5:16  Baneling x2  
  53  5:30  Zergling x8  
  57  5:39  Roach  
  56  5:43  Overlord  
  56  5:44  Zergling x4  
  56  5:45  Overlord x2  
  57  5:54  Overlord  
  57  5:56  Overlord  
  56  5:57  Drone  
  56  5:58  Drone  
  56  6:00  Roach x2  
  56  6:01  Zergling x4  
  57  6:05  Baneling x2  
  57  6:07  Zergling x6  
  57  6:08  Zergling x2  
  57  6:10  Zergling x2  
  58  6:15  Zergling x2  
  59  6:18  Zergling x2  
  59  6:21  Zergling x2  
  59  6:24  Zergling x2  
  59  6:28  Roach  
  59  6:30  Overlord  
  59  6:31  Drone x2  
  55  6:34  Drone  
  55  6:39  Extractor  
  54  6:40  Roach  
  54  6:41  Drone  
  54  6:46  Roach x2  
  60  6:52  Zergling x8  
  63  6:54  Baneling  
  63  6:55  Baneling  
  63  6:56  Zergling x2  
  63  6:57  Zergling x2  
  63  6:59  Drone x3  
  67  7:04  Drone  
  68  7:09  Drone x2  
  70  7:16  Drone, Extractor  
  70  7:18  Drone x3  
  70  7:22  Queen  
  75  7:24  Roach x2  
  75  7:26  Drone  
  75  7:28  Drone  
  75  7:29  Drone  
  82  7:30  Roach  
  82  7:31  Drone  
  85  7:37  Roach  
  85  7:39  Drone x2  
  85  7:41  Drone  
  90  7:47  Drone x2, Overlord  
  90  7:50  Lair  
  92  7:55  Overlord  
  92  7:57  Overlord  
  92  8:02  Roach x2  
  98  8:05  Roach  
  98  8:06  Roach  
  98  8:10  Roach  
  98  8:11  Roach  
  98  8:12  Drone x2  
  105  8:16  Drone  
  105  8:17  Roach x2  
  110  8:23  Roach x3  
  110  8:24  Roach  
  110  8:26  Roach  
  120  8:30  Roach  
  120  8:32  Drone  
  120  8:33  Drone x2  
  125  8:35  Extractor  
  124  8:47  Glial Reconstitution  
  124  8:49  Drone x6  
  124  8:52  Extractor  
  129  8:57  Evolution Chamber  
  129  9:01  Roach  
  130  9:04  Overlord x2  
  130  9:05  Overlord x2  
  130  9:07  Overseer  
  130  9:09  Overlord  
  129  9:20  Hatchery  
  129  9:21  Roach  
  129  9:22  Overlord  
  138  9:24  Roach x4  
  138  9:26  Roach  
  138  9:29  Roach x2  
  144  9:31  Roach  
  144  9:34  Roach  
  148  9:39  Roach x3  
  148  9:43  Roach x2  
  156  9:46  Roach x2  
  156  9:48  Roach  
  156  9:51  Roach x2  
  158  9:55  Roach x2  
  158  9:58  Roach  
  163  10:01  Roach x2  
  163  10:02  Ravager x2  
  163  10:06  Overlord  
  165  10:16  Roach x6  
  165  10:20  Roach  
  165  10:21  Roach x3  
Show
View Real Time Build Order
Export as new Build Order

Lambo Zerg - Winner!

Build Orders: Hatch First, Zergling Baneling 

Get SALT Encoding   

  12  0:00  Drone  
  13  0:09  Drone  
  13  0:14  Drone, Extractor  
  13  0:21  Overlord  
  15  0:39  Drone  
  16  0:44  Hatchery  
  16  0:48  Drone  
  16  0:52  Drone  
  16  0:55  Drone  
  18  1:05  Extractor  
  18  1:10  Spawning Pool  
  16  1:13  Drone  
  16  1:17  Drone  
  18  1:26  Drone  
  19  1:37  Drone  
  20  1:47  Drone  
  21  1:56  Queen x2  
  21  1:57  Zergling x2  
  21  2:00  Overlord  
  26  2:07  Drone  
  27  2:10  Metabolic Boost  
  27  2:13  Drone  
  28  2:19  Drone x2  
  30  2:28  Drone  
  31  2:30  Drone  
  32  2:38  Hatchery  
  32  2:40  Zergling x2  
  32  2:47  Baneling Nest  
  32  2:50  Overlord  
  31  2:54  Drone x2  
  33  3:03  Zergling x6  
  36  3:10  Zergling x8  
  40  3:14  Zergling x2  
  41  3:22  Overlord  
  41  3:30  Baneling x4  
  41  3:31  Drone x2  
  43  3:36  Zergling x2  
  44  3:42  Queen  
  44  3:43  Drone x4  
  44  3:45  Drone  
  49  4:02  Drone x6  
  54  4:05  Baneling  
  54  4:08  Drone  
  51  4:10  Baneling  
  51  4:11  Drone  
  51  4:12  Drone x3  
  51  4:13  Extractor  
  51  4:14  Zergling x2  
  51  4:15  Zergling x4  
  57  4:18  Zergling x2  
  58  4:28  Zergling x2  
  58  4:34  Zergling x2  
  58  4:35  Zergling x2, Roach Warren, Extractor, Queen  
  57  4:39  Queen  
  57  4:41  Baneling x2  
  57  4:48  Zergling x2  
  57  4:49  Zergling x4  
  49  5:00  Zergling x14  
  49  5:03  Baneling x2  
  55  5:11  Drone x3  
  56  5:16  Baneling  
  56  5:20  Drone x2, Baneling x2  
  57  5:25  Drone  
  58  5:30  Baneling  
  57  5:40  Baneling  
  57  5:41  Zergling x4, Overlord x3  
  57  5:45  Overlord  
  57  5:47  Overlord  
  57  5:56  Roach  
  57  5:58  Overlord  
  57  6:01  Roach  
  57  6:02  Roach x2  
  58  6:05  Zergling x16  
  58  6:08  Queen, Roach  
  66  6:12  Zergling x2, Roach  
  68  6:21  Roach x2  
  68  6:23  Zergling x2  
  70  6:28  Queen  
  70  6:32  Drone x2  
  74  6:39  Drone x2  
  72  6:43  Baneling  
  72  6:47  Drone x2  
  72  6:50  Drone  
  72  6:53  Evolution Chamber  
  74  6:56  Drone x2  
  76  7:03  Roach x2  
  79  7:10  Drone x2  
  79  7:12  Lair  
  79  7:15  Roach  
  82  7:19  Roach  
  82  7:20  Zerg Missile Weapons Level 1  
  82  7:21  Drone  
  82  7:22  Drone x2  
  87  7:23  Drone  
  87  7:24  Extractor  
  87  7:29  Roach x3  
  93  7:30  Drone x2  
  93  7:36  Overlord  
  95  7:43  Roach x4  
  102  7:45  Drone x2  
  104  7:52  Extractor  
  104  7:53  Overlord  
  104  7:55  Roach x2  
  107  8:00  Overlord  
  107  8:02  Drone  
  107  8:04  Roach  
  107  8:05  Queen, Roach  
  114  8:06  Overlord  
  113  8:16  Roach x2  
  113  8:17  Glial Reconstitution  
  117  8:20  Drone x6  
  117  8:22  Roach  
  117  8:26  Drone, Overseer  
  124  8:29  Roach  
  124  8:32  Drone x3  
  128  8:35  Roach x3  
  128  8:38  Roach  
  128  8:41  Overlord, Extractor  
  135  8:43  Roach  
  135  8:47  Overlord  
  135  8:48  Drone  
  138  8:52  Overlord  
  138  8:54  Overlord x2  
  138  8:55  Overlord  
  138  9:00  Overlord  
  138  9:02  Overlord  
  138  9:03  Roach  
  138  9:07  Baneling  
  138  9:08  Baneling  
  140  9:13  Roach x5  
  140  9:16  Ravager x4  
  153  9:18  Roach  
  155  9:29  Roach  
  155  9:30  Roach x2  
  161  9:32  Hatchery  
  161  9:34  Roach x2  
  161  9:38  Roach x2  
  168  9:41  Ravager x2  
  168  9:42  Roach  
  168  9:43  Roach  
  174  9:46  Roach  
  174  9:50  Ravager  
  174  9:51  Roach x3  
  183  9:54  Roach  
  183  9:58  Evolution Chamber  
  184  10:03  Roach x2  
  184  10:06  Roach x2  
  188  10:14  Roach x4  
  188  10:18  Roach  
  188  10:19  Roach  
  191  10:23  Roach x3  
  179  10:36  Ravager  
Tags
 
Add a new tag
Caveats
  • Supply blocks, unpowered buildings, or Contaminate may cause inaccurate times.
  • Supply counts are checked every 10 seconds.